 Dungeon Crawl Stone Soup version 0.20.0-15-g7f486f2 (webtiles) character file.

2865 kuniqs the Protected (level 9, -11/81 HPs)
             Began as a Minotaur Fighter on June 10, 2017.
             Was an Initiate of Okawaru.
             Killed by divine providence
             ... invoked by a meliai
              (16 damage)
             ... on level 8 of the Dungeon.
             The game lasted 00:08:42 (6820 turns).

kuniqs the Protected (Minotaur Fighter)             Turns: 6820, Time: 00:08:43

Health: -11/81     AC: 14    Str: 21    XL:     9   Next: 47%
Magic:  8/8        EV:  9    Int:  5    God:    Okawaru [......]
Gold:   458        SH: 15    Dex: 13    Spells: 8/8 levels left

rFire    . . .     SeeInvis .   u - +2 mace (venom)
rCold    . . .     Gourm    .   c - +0 shield
rNeg     + . .     Faith    .   t - +0 chain mail
rPois    .         Spirit   .   y - +2 hat
rElec    .         Reflect  +   E - +0 cloak
rCorr    .         Harm     .   (no gloves)
MR       .....                  (no boots)
Stlth    ..........             F - +4 amulet of reflection
Regen    0.3/turn               A - ring of positive energy
MPRegen  0.2/turn               (no ring)

@: lethally poisoned (-11 -> -39)
A: retaliatory headbutt, horns 2
a: Renounce Religion


You were on level 8 of the Dungeon.
You worshipped Okawaru.
Okawaru was noncommittal.
You were not hungry.

You visited 2 branches of the dungeon, and saw 10 of its levels.

You collected 458 gold pieces.

Inventory:

Hand Weapons
 u - a +2 mace of venom (weapon)
Missiles
 o - 2 throwing nets (quivered)
Armour
 c - a +0 shield (worn)
 t - a +0 chain mail (worn)
 y - a +2 hat (worn)
 E - a +0 cloak (worn)
Jewellery
 A - a ring of positive energy (left hand)
 F - a +4 amulet of reflection (around neck)
Scrolls
 b - 10 scrolls of identify {@r1}
 h - 4 scrolls of remove curse {@r2}
 j - 7 scrolls of teleportation
 n - 2 scrolls of magic mapping {unknown}
 p - 4 scrolls of enchant armour
 v - 3 scrolls of recharging {unknown}
 x - a scroll of enchant weapon {unknown}
 C - a scroll of blinking {unknown}
 G - 3 scrolls of random uselessness {unknown}
 I - 2 scrolls of amnesia {unknown}
Potions
 a - 3 potions of magic {unknown}
 g - 3 potions of lignification {unknown}
 i - 6 potions of heal wounds {unknown}
 k - 7 potions of curing {@q1}
 l - a potion of haste {unknown}
 m - 2 potions of degeneration {unknown}
 q - a potion of mutation {unknown}
 r - 3 potions of flight {unknown}
 s - 2 potions of agility {unknown}
 z - a potion of resistance {unknown}
 B - a potion of cancellation {unknown}
 D - a potion of might
 H - 2 potions of berserk rage {unknown}
Comestibles
 d - 6 bread rations
 e - 2 meat rations
 f - 12 fruits
 w - 4 royal jellies
 J - 5 chunks of flesh


   Skills:
 + Level 7.9 Fighting
 + Level 7.4 Maces & Flails
 + Level 8.0 Armour
 + Level 6.2 Dodging
 + Level 7.8 Shields


You had 8 spell levels left.
You didn't know any spells.

Dungeon Overview and Level Annotations

Branches:
Dungeon (9/15)             Temple (1/1) D:7
   Lair: D:8-11         Orc: D:9-12

Altars:
Ashenzari
Cheibriados
Elyvilon
Hepliaklqana
Kikubaaqudgha
Nemelex Xobeh
Okawaru
Qazlal
Ru
Sif Muna
Trog
Yredelemnul

Shops:
D:4 [   D:7 }


Innate Abilities, Weirdness & Mutations

You reflexively headbutt those who attack you in melee.
You have a pair of horns on your head.


Message History

You closely miss the meliai.
The meliai is lightly wounded.
You feel sick. You block the meliai's attack.
The meliai stings you but does no damage.
You block the meliai's attack.
The meliai stings you but does no damage.
The meliai barely misses you. You furiously retaliate!
You headbutt the meliai. You block the meliai's attack.
The meliai hits you with a war axe!
* * * LOW HITPOINT WARNING * * *
The meliai stings you!
* * * LOW HITPOINT WARNING * * *
You are more poisoned.
The meliai poisons you!
You hit the meliai but do no damage.
The meliai is lightly wounded.
* * * LOW HITPOINT WARNING * * *
You feel very sick.
The meliai invokes the aid of its god against you.
Something smites you!
You die...

.#####.# #.# .##....# #.#
###.#### #.#########
#.###### #..........
#.:....# ###########
######.# # #.# #
##.########## # #
#.#.......@y# # #
##.###...y..# ######### # #
#######......#####.......# #
#..................#####.# #
#.#####......###########.# #
#.# #......# #....# # #.#
###)#..# #.#### #
#.#######.#..########.######
#
#........<)....#...(........


You could see 2 meliai.

Vanquished Creatures
  A hippogriff (D:8)
  Menkaure (D:5)
  Duvessa (D:7)
  An orc warrior (D:8)
  A hornet zombie (D:7)
  5 ogres
  A centaur (D:6)
  A big kobold (D:7)
  3 bullfrogs
  Dowan (D:7)
  2 scorpions
  2 vampire bats (D:7)
  A howler monkey (D:7)
  3 crimson imps
  8 orc priests
  2 bullfrog skeletons
  2 hounds
  Crazy Yiuf (D:7)
  6 orc wizards
  A jelly (D:7)
  Terence (D:2)
  2 worker ants
  A hound zombie (D:6)
  2 worker ant zombies
  Robin (D:2)
  8 adders
  5 gnolls
  An ooze (D:3)
  An adder zombie (D:7)
  2 adder skeletons (D:6)
  4 worms
  2 dart slugs (D:1)
  3 leopard geckos
  22 orcs
  3 ball pythons
  9 bats
  2 bat skeletons (D:7)
  2 bat zombies (D:7)
  8 giant cockroaches
  26 goblins
  8 hobgoblins
  5 jackals
  A quokka (D:2)
  7 frilled lizards
  A jackal zombie (D:5)
  15 kobolds
  2 leopard gecko skeletons
  A quokka skeleton (D:4)
  12 rats
  A plant (D:3)
202 creatures vanquished.

Vanquished Creatures (others)
  2 centaurs (D:7)
2 creatures vanquished.

Grand Total: 204 creatures vanquished

Notes
Turn   | Place    | Note
-------+----------+-------------------------------------------
     0 | D:1      | kuniqs the Minotaur Fighter began the quest for the Orb.
     0 | D:1      | Reached XP level 1. HP: 19/19 MP: 0/0
   165 | D:1      | Reached XP level 2. HP: 20/27 MP: 1/1
   396 | D:1      | Reached skill level 1 in Dodging
   427 | D:1      | Reached XP level 3. HP: 25/33 MP: 2/2
   520 | D:1      | Reached skill level 4 in Armour
   600 | D:2      | Noticed Robin
   684 | D:2      | Noticed Terence
   695 | D:2      | Killed Terence
   695 | D:2      | Reached XP level 4. HP: 6/40 MP: 3/3
   711 | D:2      | Killed Robin
   714 | D:2      | HP: 1/41 [goblin[Robin] (4)]
  1684 | D:3      | Reached XP level 5. HP: 46/47 MP: 4/4
  2005 | D:3      | Reached skill level 5 in Armour
  2075 | D:3      | Reached skill level 5 in Shields
  2075 | D:3      | Reached XP level 6. HP: 40/55 MP: 5/5
  2337 | D:3      | Reached skill level 5 in Fighting
  2845 | D:4      | Found Elizin's Armour Emporium.
  3245 | D:4      | Found a stormy altar of Qazlal.
  3655 | D:5      | Entered Level 5 of the Dungeon
  3673 | D:5      | Noticed Menkaure
  3684 | D:5      | Killed Menkaure
  3684 | D:5      | Reached XP level 7. HP: 59/61 MP: 6/6
  3804 | D:5      | Found a white marble altar of Elyvilon.
  4187 | D:6      | Reached skill level 5 in Maces & Flails
  4193 | D:6      | Reached skill level 6 in Armour
  4590 | D:6      | Reached XP level 8. HP: 39/70 MP: 7/7
  5007 | D:6      | Found a basalt altar of Yredelemnul.
  5116 | D:6      | Found a sparkling altar of Nemelex Xobeh.
  5424 | D:7      | Reached skill level 7 in Armour
  5481 | D:7      | Reached skill level 5 in Dodging
  5626 | D:7      | Noticed Duvessa
  5627 | D:7      | Noticed Dowan
  5633 | D:7      | Killed Duvessa
  5633 | D:7      | Reached XP level 9. HP: 79/79 MP: 8/8
  5642 | D:7      | Killed Dowan
  5654 | D:7      | Found Nyvewn's Gadget Emporium.
  5767 | D:7      | Found an ancient bone altar of Kikubaaqudgha.
  5799 | D:7      | Found a staircase to the Ecumenical Temple.
  5808 | Temple   | Entered the Ecumenical Temple
  5818 | Temple   | Became a worshipper of Warmaster Okawaru
  5905 | D:7      | Found a runed door.
  6053 | D:7      | Noticed Crazy Yiuf
  6059 | D:7      | Killed Crazy Yiuf
  6577 | D:8      | Reached skill level 8 in Armour
  6811 | D:9      | Noticed a meliai
  6811 | D:9      | Noticed a meliai
  6811 | D:9      | Noticed a meliai
  6820 | D:8      | Killed from afar by a meliai

Skill      XL: |  1  2  3  4  5  6  7  8  9 |
---------------+----------------------------+-----
Shields        | 4 5 6 7 |  7.8
Dodging        | 1 2 3 4 5 6 |  6.2
Fighting       | 4 5 6 7 |  7.9
Armour         | 4 5 6 7 8 |  8.0
Maces & Flails | 3 4 5 6 7 |  7.4

Action                   |  1- 3 |  4- 6 |  7- 9 || total
-------------------------+-------+-------+-------++-------
Melee: Flail             |    91 |   116 |       ||   207
       Headbutt          |    12 |    35 |    51 ||    98
       Mace              |       |    79 |   241 ||   320
  Use: Potion            |     1 |       |       ||     1
       Scroll            |       |       |     4 ||     4
  Eat: Chunk             |       |     9 |    11 ||    20
Armor: Scale mail        |    80 |    23 |     1 ||   104
       Chain mail        |       |    36 |   120 ||   156
Dodge: Dodged            |    53 |    48 |    67 ||   168
Block: Shield            |    77 |    76 |   167 ||   320
       Reflection        |       |       |     9 ||     9
